 Dungeon Crawl Stone Soup version 0.19.1 (webtiles) character file.

119 Miant the Skirmisher (level 5, -1/47 HPs)
             Began as a Hill Orc Chaos Knight on Dec 17, 2016.
             Slain by a hound (3 damage)
             ... on level 4 of the Dungeon.
             The game lasted 00:24:48 (3186 turns).

Miant the Skirmisher (Hill Orc Chaos Knight)        Turns: 3186, Time: 00:24:49

Health: -1/47      AC: 10    Str: 18    XL:     5   Next: 3%
Magic:  5/5        EV:  9    Int: 12    God:    Xom [......]
Gold:   201        SH:  0    Dex: 10    Spells: 0 memorised, 4 levels left

rFire  . . .     SeeInvis .     p - -1 dagger (curse)
rCold  . . .     Gourm    .     j - +1 scale mail
rNeg   . . .     Faith    .     (no shield)
rPois  +         Spirit   .     (no helmet)
rElec  .         Reflect  .     i - +1 cloak {rPois}
rCorr  .         Harm     .     (no gloves)
MR     .....     Rnd*Tele +     (no boots)
Stlth  ..........               c - amulet of regeneration (curse)
                                (no ring)
                                (no ring)

@: no potions, drained
A: hooves 1, strong 1, teleportitis 1, wild magic 1
a: Renounce Religion


You were on level 4 of the Dungeon.
You worshipped Xom.
You were a very special plaything of Xom.
You were not hungry.

You visited 1 branch of the dungeon, and saw 4 of its levels.

You collected 201 gold pieces.

Inventory:

Hand Weapons
 a - a +1 falchion of chaos
 g - a +2 quarterstaff of chaos
 p - a cursed -1 dagger (weapon)
Armour
 i - a +1 cloak of poison resistance (worn)
 j - a +1 scale mail (worn)
Jewellery
 b - an uncursed amulet of magic regeneration
 c - a cursed amulet of regeneration (around neck)
Wands
 e - a wand of digging (12/24)
Books
 n - a book of Changes

   Spells                             Type                      Level
   a - Beastly Appendage              Transmutation                1
   b - Sticks to Snakes               Transmutation                2
   c - Spider Form                    Transmutation/Poison         3
   d - Ice Form                       Ice/Transmutation            4
   e - Blade Hands                    Transmutation                5
Comestibles
 d - a bread ration
 h - a beef jerky
 l - a slice of pizza
 m - 7 fruits
 q - a royal jelly


   Skills:
 + Level 4.4(4.3) Fighting
 + Level 0.4(2.3) Short Blades
 + Level 4.3 Long Blades
 * Level 3.7(3.6) Armour
 - Level 0.7(0.6) Dodging
 + Level 0.6(0.5) Stealth


You had 4 spell levels left.
You didn't know any spells.

Dungeon Overview and Level Annotations

Branches:
Dungeon (4/15)
 Temple: D:4-7

Altars:
Dithmenos
Ru

Annotations:
D:4 Typee's ghost, amateur OpCj


Innate Abilities, Weirdness & Mutations

You have large cloven feet.
Your muscles are strong. (Str +2)
You are occasionally teleported next to monsters.
Your spells are a little harder to cast, but a little more powerful.


Message History

An orc comes into view. It is wielding a club.
The orc shouts!
Xom's attention turns to you for a moment.
Xom watches you with interest. The hound barely misses you.
You see here a blackened fluorescent wand.
There isn't anything to butcher here.
e - a wand of digging The hound bites you.
* * * LOW HITPOINT WARNING * * *
Evoke which item? (* to show all) (? for menu, Esc to quit)
Okay, then.
The hound bites you.
* * * LOW HITPOINT WARNING * * *
Found a blue potion.
The hound bites you but does no damage.
The adder skeleton bites you but does no damage.
The hound bites you.
You die...
Xom giggles madly!

S.........!............>.
#######................#
### #.(...............
...### ..#...............
...... ###...............
.... ...............
#..####...............
#..##................
#...@................ W
#.ohZ..##.....#......
...##...#..#.....# ..
......W....#......# ).
..............# #.##### ..
...#........### #.##... ..
.....#..##.## ##....###..
##.#.....#.# #...##.....
........!#.#####..........


You could see a hound, Typee's ghost, an orc and an adder skeleton.

Vanquished Creatures
  Crazy Yiuf (D:3)
  3 adders (D:2)
  A river rat (D:4)
  An ooze (D:1)
  A worm (D:2)
  A leopard gecko (D:3)
  5 orcs
  A ball python (D:1)
  A giant cockroach (D:1)
  5 hobgoblins
  6 jackals
  5 kobolds
  7 bats
  4 frilled lizards
  8 goblins
  4 rats
  2 fungi
56 creatures vanquished.

Vanquished Creatures (collateral kills)
  An adder (D:3)
1 creature vanquished.

Grand Total: 57 creatures vanquished

Notes
Turn   | Place    | Note
-------+----------+-------------------------------------------
     0 | D:1      | Miant the Hill Orc Chaos Knight began the quest for the Orb.
     0 | D:1      | Reached XP level 1. HP: 19/19 MP: 1/1
   113 | D:1      | Reached XP level 2. HP: 27/27 MP: 2/2
   391 | D:1      | XOM: cast spell 'Summon Butterflies'
   400 | D:1      | Reached XP level 3. HP: 33/33 MP: 3/3
   404 | D:1      | XOM: cloud trail
   901 | D:2      | XOM: 1-stop teleportation journey
  1082 | D:2      | XOM: give mutation
  1082 | D:2      | Gained mutation: You have large cloven feet. [Xom's grace]
  1221 | D:2      | Learned a level 2 spell: Sticks to Snakes
  1438 | D:2      | Found a shadowy altar of Dithmenos.
  1513 | D:2      | Reached XP level 4. HP: 39/41 MP: 4/4
  1685 | D:3      | XOM: summons 2 hostile demons
  1970 | D:3      | Gained mutation: You are occasionally teleported next to monsters. [potion of mutation]
  1970 | D:3      | Gained mutation: Your muscles are strong. (Str +2) [potion of mutation]
  1970 | D:3      | Gained mutation: Your spells are a little harder to cast, but a little more powerful. [potion of mutation]
  1988 | D:3      | XOM: polymorph adder -> frilled lizard
  2417 | D:3      | XOM: harmless Hex miscast
  2437 | D:3      | XOM: summons friendly shadow imp
  2534 | D:3      | Found a runed door.
  2538 | D:3      | Noticed Crazy Yiuf
  2546 | D:3      | XOM: medium Pois miscast
  2551 | D:3      | Killed Crazy Yiuf
  2927 | D:4      | Noticed Typee's ghost (amateur OpCj)
  2987 | D:4      | Found a sacrificial altar of Ru.
  2997 | D:4      | XOM: swap monsters
  3006 | D:4      | XOM: confuse monster(s)
  3010 | D:4      | XOM: polymorph jackal -> river rat
  3031 | D:4      | Reached XP level 5. HP: 47/47 MP: 5/5
  3042 | D:4      | XOM: confusion
  3053 | D:4      | XOM: confuse monster(s)
  3082 | D:4      | XOM: smoke on damage
  3145 | D:4      | XOM: harmless Ice miscast
  3166 | D:4      | XOM: cast spell 'Confusing Touch'
  3173 | D:4      | XOM: divination: detect creatures
  3180 | D:4      | XOM: medium Ice miscast
  3182 | D:4      | HP: 1/47 [hound (4)]
  3186 | D:4      | Slain by a hound

Skill      XL: |  1  2  3 |
---------------+----------+-----
Fighting       | 4 |  4.4
Long Blades    | 4 |  4.3
Armour         | 3 |  3.7
Short Blades   | |  0.4
Dodging        | |  0.7
Stealth        | |  0.6

Action                   |  1- 3 |  4- 6 || total
-------------------------+-------+-------++-------
Melee: Falchion          |   111 |    31 ||   142
       Kick              |    10 |    59 ||    69
       Dagger            |       |   164 ||   164
  Use: Scroll            |       |     9 ||     9
       Potion            |       |     4 ||     4
 Stab: Petrified         |     1 |     4 ||     5
       Petrifying        |     1 |       ||     1
  Eat: Chunk             |     2 |     1 ||     3
       Bread ration      |       |     1 ||     1
Armor: Leather armour    |    18 |       ||    18
       Scale mail        |    41 |    75 ||   116
Dodge: Dodged            |    52 |    88 ||   140
       Rpst.: Falchion   |    11 |     3 ||    14
